Map: Prion Terraces

Players

Jason

  • Race: Terran Terran
  • League: Grandmaster
  • Spawn Location: 11:00

meeK - Winner!

  • Race: Protoss Protoss
  • League: Master
  • Spawn Location: 5:00

VOD

https://www.youtube.com/watch?v=W1o9LZJZ8Og

Description

meeK vs Jason

Time

  • Played on: Dec. 15, 2015, 12:10 p.m.
  • Length: 10:14
Show
View Real Time Build Order
Export as new Build Order

Jason Terran 

Build Orders:  

Get SALT Encoding   

  12  0:01  SCV  
  13  0:14  SCV  
  14  0:17  Supply Depot  
  14  0:26  SCV  
  15  0:39  SCV  
  15  0:41  Barracks  
  16  0:46  Refinery  
  16  0:51  SCV  
  17  1:03  SCV  
  18  1:15  SCV  
  19  1:27  SCV  
  19  1:28  Marine  
  21  1:40  SCV  
  22  1:48  Barracks Reactor  
  22  1:53  Orbital Command  
  22  2:11  Command Center  
  22  2:20  SCV  
  22  2:21  Supply Depot  
  23  2:39  Bunker  
  23  2:43  Reaper x2, SCV  
  26  2:46  Factory  
  26  2:55  SCV  
  27  3:07  SCV  
  27  3:08  Command Center  
  28  3:15  Marine x2  
  30  3:20  SCV  
  30  3:22  Refinery  
  31  3:27  Orbital Command  
  31  3:30  Factory Tech Lab  
  31  3:39  Engineering Bay  
  31  3:40  SCV  
  32  3:52  SCV  
  33  3:58  Marine x2  
  33  4:00  Cyclone  
  33  4:01  SCV  
  38  4:04  SCV  
  39  4:13  SCV  
  39  4:15  Marine  
  38  4:23  Missile Turret x2, SCV  
  38  4:24  Orbital Command  
  38  4:25  SCV  
  38  4:35  SCV  
  38  4:38  SCV  
  40  4:39  Marine x2  
  40  4:40  Cyclone  
  45  4:47  SCV  
  45  4:50  SCV  
  46  4:53  SCV  
  47  5:00  Supply Depot  
  47  5:05  SCV  
  47  5:06  SCV  
  49  5:08  Marine x2  
  49  5:09  Starport, SCV  
  52  5:17  SCV  
  52  5:18  SCV  
  55  5:21  SCV  
  55  5:26  Cyclone, Marine  
  58  5:29  SCV  
  58  5:30  SCV  
  60  5:37  Supply Depot  
  60  5:39  SCV  
  60  5:40  Barracks x2  
  61  5:43  SCV  
  61  5:45  SCV  
  61  5:48  Marine x2  
  65  5:52  Terran Infantry Armor Level 1, Supply Depot  
  65  5:54  SCV  
  66  5:58  Refinery x2  
  66  6:05  SCV  
  66  6:06  Factory Reactor, SCV  
  66  6:07  Marine x2  
  66  6:10  Banshee  
  73  6:12  SCV  
  73  6:16  Supply Depot  
  73  6:17  SCV  
  75  6:20  SCV  
  75  6:24  Supply Depot  
  76  6:30  Marine x2  
  76  6:32  Barracks Tech Lab  
  78  6:33  Barracks Tech Lab, SCV  
  78  6:36  Supply Depot, SCV  
  80  6:44  SCV  
  80  6:45  SCV  
  78  6:48  Marine x2  
  78  6:54  SCV  
  78  6:55  Widow Mine  
  78  6:56  Widow Mine  
  78  6:57  Marine x2  
  74  7:06  Marine x2  
  74  7:07  SCV  
  76  7:10  SCV x2  
  76  7:15  Marine x2  
  80  7:24  Marine, SCV  
  78  7:32  Marine, SCV  
  78  7:33  Marine  
  78  7:34  Marine  
  59  7:48  SCV  
  59  7:50  Marine x2  
  60  7:52  Marine, Widow Mine  
  60  7:54  Medivac  
  60  7:55  SCV  
  55  8:08  Marine x2  
  55  8:10  Marine  
  55  8:16  Supply Depot  
  55  8:17  SCV  
  49  8:26  Marine x2  
  47  8:27  Marine  
  42  8:37  Orbital Command  
  42  8:44  Marine x2  
  42  8:46  Marine  
  44  9:01  Marine  
  44  9:02  Marine  
  38  9:12  Orbital Command  
  38  9:14  SCV  
  38  9:16  Marine  
  37  9:19  Marine  
  37  9:23  SCV  
  37  9:27  SCV  
  37  9:35  SCV  
  38  9:39  SCV  
  38  9:41  Marine  
  35  9:46  Supply Depot  
  35  9:47  Marine x2  
  35  9:48  SCV  
Show
View Real Time Build Order
Export as new Build Order

meeK Protoss - Winner!

Build Orders: Oracle Opening 

Get SALT Encoding   

  12  0:01  Probe (Chrono Boost)  
  13  0:11  Probe (Chrono Boost)  
  14  0:18  Pylon  
  14  0:23  Probe (Chrono Boost)  
  15  0:40  Gateway  
  15  0:43  Probe (Chrono Boost)  
  15  0:48  Pylon  
  16  0:54  Probe (Chrono Boost)  
  17  1:02  Assimilator  
  17  1:07  Assimilator  
  17  1:13  Gateway  
  17  1:23  Probe (Chrono Boost)  
  18  1:28  Cybernetics Core  
  18  1:46  Probe (Chrono Boost)  
  19  1:58  Probe (Chrono Boost)  
  20  2:04  Nexus  
  20  2:12  Mothership Core (Chrono Boost)  
  22  2:20  Pylon  
  22  2:31  Probe (Chrono Boost)  
  23  2:41  Warp Gate, Probe (Chrono Boost)  
  24  2:44  Stargate  
  24  2:52  Pylon  
  24  2:56  Probe (Chrono Boost)  
  25  3:10  Probe (Chrono Boost)  
  25  3:11  Twilight Council  
  26  3:16  Probe (Chrono Boost)  
  27  3:24  Gateway  
  27  3:33  Oracle (Chrono Boost)  
  30  3:37  Probe  
  28  4:04  Oracle (Chrono Boost)  
  28  4:06  Resonating Glaives  
  28  4:09  Pylon, Probe  
  30  4:11  Probe  
  32  4:20  Probe  
  32  4:23  Probe  
  34  4:36  Void Ray (Chrono Boost)  
  38  4:39  Gateway  
  35  5:02  Gateway  
  35  5:03  Gateway  
  35  5:04  Probe  
  35  5:05  Pylon  
  36  5:16  Void Ray (Chrono Boost)  
  40  5:22  Probe  
  40  5:23  Probe  
  42  5:34  Adept x2  
  46  5:37  Adept  
  46  5:39  Probe  
  46  5:41  Probe  
  50  5:55  Void Ray (Chrono Boost)  
  54  5:59  Adept  
  54  6:01  Adept  
  58  6:05  Adept  
  60  6:12  Pylon  
  60  6:14  Adept  
  60  6:18  Adept  
  64  6:23  Adept  
  66  6:26  Adept  
  68  6:41  Adept  
  68  6:45  Pylon  
  68  6:46  Pylon  
  70  6:49  Pylon  
  67  6:54  Adept  
  69  7:04  Adept  
  69  7:05  Adept x3  
  77  7:16  Adept  
  77  7:20  Void Ray (Chrono Boost)  
  71  7:36  Adept x3  
  71  7:44  Adept x2  
  53  8:02  Adept x3  
  59  8:16  Adept x2  
  59  8:17  Probe  
  59  8:19  Probe  
  55  8:28  Probe  
  55  8:31  Probe  
  55  8:33  Adept x3  
  59  8:57  Adept x2  
  59  8:58  Adept x3  
  61  9:12  Gateway  
  61  9:16  Gateway  
  61  9:22  Adept  
  61  9:23  Adept x3  
  61  9:24  Adept  
  67  9:48  Adept x4  
  67  9:49  Adept  
  75  10:09  Adept x2  
  75  10:10  Zealot x3  
Tags
 
Add a new tag
Caveats
  • Supply blocks, unpowered buildings, or Contaminate may cause inaccurate times.
  • Supply counts are checked every 10 seconds.